 Dungeon Crawl Stone Soup version 0.31-a0-496-g6f97920a28 (webtiles) character file.

Game seed: 14408978976323233291

57 AstroCodex24 the Covered (level 3, 0/30 HPs)
             Began as a Demigod Fighter on Aug 8, 2023.
             Slain by a gnoll
             ... wielding a +0 whip
              (5 damage)
             ... on level 3 of the Dungeon.
             The game lasted 00:01:45 (601 turns).

AstroCodex24 the Covered (Demigod Fighter)           Turns: 601, Time: 00:01:47

Health: 0/30       AC:  6    Str: 21    XL:     3   Next: 50%
Magic:  5/5        EV:  9    Int: 10    God:
Gold:   59         SH:  4    Dex: 13    Spells: 2/2 levels left

rFire   . . .        a - +0 war axe
rCold   . . .        c - +0 buckler
rNeg    . . .        b - +0 scale mail
rPois   .            (no helmet)
rElec   .            (no cloak)
rCorr   .            (no gloves)
SInv    .            (no boots)
Will    .....        (no amulet) Stlth
                     (no ring)
HPRegen 0.25/turn    (no ring)
MPRegen 0.09/turn

%: no passive effects
@: no status effects
A: high MP 1, forlorn, divine attributes
a: no special abilities


You were on level 3 of the Dungeon.
You visited 1 branch of the dungeon, and saw 3 of its levels.

You collected 59 gold pieces.

Inventory:

Hand Weapons
 a - a +0 war axe (weapon)
Armour
 b - a +0 scale mail (worn)
 c - a +0 buckler (worn)
Scrolls
 e - a scroll of enchant weapon {unknown}
 f - 2 scrolls of teleportation {unknown}
Potions
 d - a potion of might


   Skills:
 + Level 2.8 Fighting
 + Level 2.6 Axes
 + Level 3.3 Armour
 + Level 0.9 Stealth
 + Level 2.9 Shields


You had 2 spell levels left.
You didn't know any spells.
Your spell library contained the following spells:

 Spells                   Type           Power      Damage    Failure   Level
 Summon Guardian Golem    Hex/Summ       0%         N/A       98%         3
 Orb of Destruction       Conj           0%         9d5       100%        7
 Spellforged Servitor     Conj/Summ      0%         N/A       100%        7


Dungeon Overview and Level Annotations

Branches:
Dungeon (3/15)


Innate Abilities, Weirdness & Mutations

You have an increased reservoir of magic. (+10% MP)
You shall have no god before yourself.
Your divine heritage dramatically boosts your attributes as you level up.


Message History

The ball python closely misses you.
You barely miss the ball python.
The ball python is moderately wounded.
The ball python closely misses you. The ball python grabs you.
The ball python constricts you.
The ball python bites you but does no damage.
The ball python constricts you.
You slash the ball python!
You kill the ball python!
There is a stone staircase leading down here.
You climb downwards.
The gnoll shouts!
There is a stone staircase leading up here.
You hit the gnoll.
The gnoll is heavily wounded.
The gnoll hits you with a +0 flail. The gnoll completely misses you.
You barely miss the gnoll.
The gnoll is heavily wounded.
The gnoll closely misses you.
You hit the gnoll.
The gnoll is lightly wounded.
You hit the gnoll but do no damage. The gnoll barely misses you.
You block the gnoll's attack. The gnoll barely misses you.
The gnoll hits you with a +0 flail.
The gnoll hits you from afar with a +0 spear.
The gnoll hits you with a +0 flail. The gnoll closely misses you. x2
You barely miss the gnoll. You hit the gnoll. x2
The gnoll hits you with a +0 flail! The gnoll hits you but does no damage.
The gnoll barely misses you.
You slash the gnoll!
The gnoll is severely wounded.
You slash the gnoll! You hit the gnoll but do no damage.
The gnoll completely misses you. The gnoll hits you with a +0 whip.
* * * LOW HITPOINT WARNING * * *
The gnoll barely misses you.
You slash the gnoll!
You kill the gnoll!
You hit the gnoll. You hit the gnoll but do no damage.
You block the gnoll's attack. The gnoll hits you with a +0 whip.
You die...

.. .. .# .# .#
##. ##.##
####.g.##.####
+.....@)......
###..g....####
#.#.#####
#.### #. #


You could see 2 gnolls.

Vanquished Creatures
  A gnoll (D:3)
  3 adders (D:2)
  3 dart slugs (D:2)
  3 ball pythons (D:2)
  2 endoplasms (D:2)
  A giant cockroach (D:1)
  A goblin (D:2)
  2 hobgoblins
  3 jackals (D:2)
  2 kobolds (D:2)
  A frilled lizard (D:2)
  2 rats (D:2)
24 creatures vanquished.

Notes
Turn   | Place    | Note
-------+----------+-------------------------------------------
     0 | D:1      | AstroCodex24 the Demigod Fighter began the quest for the
                  | Orb.
     0 | D:1      | Reached XP level 1. HP: 18/18 MP: 3/3
   112 | D:2      | Reached skill level 3 in Armour
   112 | D:2      | Reached XP level 2. HP: 18/25 MP: 4/4
   238 | D:2      | Reached XP level 3. HP: 21/30 MP: 5/5
   601 | D:3      | Slain by a gnoll

Illustrated notes

Levels and vault maps discovered:
D:1:      minmay_arrival_shattered_statue, layout_basic, minmay_pentomino_z4
D:2:      layout_basic, ebering_ecumenical_altar_box
D:3:      layout_loops_corners, minmay_checkerbox

Skill      XL: |  1  2 |
---------------+-------+-----
Armour         | 3 |  3.3
Axes           | 2 |  2.6
Fighting       | |  2.8
Stealth        | |  0.9
Shields        | |  2.9

Action                     || total
---------------------------++-------
  Melee: War axe           ||    76
   Stab: Distracted        ||     1
 Armour: Scale mail        ||    51
  Dodge: Dodged            ||    58
  Block: Buckler           ||    29

Table legend: (Time is in decaauts)
 A = Elapsed time spent in this place.
 B = Non-inter-level travel time spent in this place.
 C = Inter-level travel time spent in this place.
 D = Time resting spent in this place.
 E = Time spent auto-exploring this place.
 F = Levels seen in this place.
 G = Mean time per level.
                   A        B        C        D        E       F      G
               +--------+--------+--------+--------+--------+-----+--------+
         Total |    632 |    632 |      0 |      0 |      0 |   3 |  210.7 |
       Dungeon |    632 |    632 |      0 |      0 |      0 |   3 |  210.7 |
               +--------+--------+--------+--------+--------+-----+--------+

Top non-repeatable levels by time:
     D:2: 583 daAuts
     D:1: 40 daAuts
     D:3: 9 daAuts
